 Dungeon Crawl Stone Soup version 0.27-a0-1188-g73eefd5def (webtiles) character file.

Game seed: 11225029370079895808

349 leviel the Cleaver (level 6, -5/45 (52) HPs)
             Began as a Hill Orc Fighter on May 22, 2021.
             Slain by a wight
             ... wielding a +0 dire flail
              (9 damage)
             ... on level 4 of the Dungeon.
             The game lasted 00:03:19 (3195 turns).

leviel the Cleaver (Hill Orc Fighter)               Turns: 3195, Time: 00:03:20

HP:   -5/45 (52)    AC:  8    Str: 21    XL:     6   Next: 60%
MP:   6/6           EV:  7    Int:  8    God:
Gold: 171           SH:  9    Dex: 10    Spells: 5/5 levels left

rFire    . . .     SeeInvis .   a - +0 war axe
rCold    . . .     Faith    .   c - +0 kite shield
rNeg     . . .     Spirit   .   b - +0 scale mail
rPois    .         Reflect  .   (no helmet)
rElec    .         Harm     .   u - +0 cloak
rCorr    .         Rampage  .   (no gloves)
Will     .....                  (no boots)
Stlth    ..........             (no amulet)
HPRegen  0.15/turn              (no ring)
MPRegen  0.10/turn              (no ring)

@: heavily drained
A: no striking features
a: no special abilities


You were on level 4 of the Dungeon.
You visited 1 branch of the dungeon, and saw 5 of its levels.

You collected 171 gold pieces.

Inventory:

Hand Weapons
 a - a +0 war axe (weapon)
Missiles
 j - 2 throwing nets (quivered)
Armour
 b - a +0 scale mail (worn)
 c - a +0 kite shield (worn)
 u - a +0 cloak (worn)
Wands
 m - a wand of iceblast (8)
Scrolls
 e - 2 scrolls of fog {unknown}
 f - 2 scrolls of vulnerability {unknown}
 g - 2 scrolls of enchant armour {unknown}
 k - a scroll of immolation {unknown}
 l - 3 scrolls of identify {unknown}
 n - a scroll of noise {unknown}
 p - a scroll of fear {unknown}
 q - a scroll of enchant weapon {unknown}
 s - a scroll of teleportation {unknown}
 t - a scroll of torment {unknown}
Potions
 d - 2 potions of might
 h - 2 potions of curing {unknown}
 i - a potion of degeneration {unknown}
 o - a potion of haste {unknown}
 r - a potion of lignification {unknown}
 v - a potion of mutation {unknown}


   Skills:
 - Level 4.1 Fighting
 + Level 8.1 Axes
 - Level 3.8 Armour
 - Level 3.7 Shields


You had 5 spell levels left.
You didn't know any spells.
Your spell library was empty.

Dungeon Overview and Level Annotations

Branches:
Dungeon (5/15)
 Temple: D:4-7

Altars:

Shops:
D:4 *   D:5 :

Annotations:
D:3 2 transporters, Drazool's ghost, amateur FoFi


Message History

The wight is lightly damaged.
The wight hits you with a +0 dire flail!
You feel drained.
The wight hits you with a +0 dire flail!
You feel drained.
You are too injured to fight recklessly!
You are too injured to fight recklessly!
You are too injured to fight recklessly!
You are too injured to fight recklessly!
You are too injured to fight recklessly!
You are too injured to fight recklessly!
You are too injured to fight recklessly!
You are too injured to fight recklessly!
You are too injured to fight recklessly!
You are too injured to fight recklessly!
You are too injured to fight recklessly!
You are too injured to fight recklessly!
You are too injured to fight recklessly!
You are too injured to fight recklessly!
You are too injured to fight recklessly!
You are too injured to fight recklessly!
You are too injured to fight recklessly!
You are too injured to fight recklessly!
You are too injured to fight recklessly!
Unknown command.
You barely miss the wight.
The wight is lightly damaged.
The wight hits you with a +0 dire flail.
You feel drained.
You hit the wight.
The wight is heavily damaged.
You block the wight's attack.
You hit the wight.
The wight is severely damaged.
The wight hits you with a +0 dire flail!
* * * LOW HITPOINT WARNING * * *
You barely miss the wight.
The wight is severely damaged.
The wight hits you with a +0 dire flail!
You die...

..#.##..#.#..#.#..'z#..#.........
..#.##..#..##..# ###..#.########
#.#.##..#..##..# #...#.#
....<####.#..#.#o# #...#.# .....#
#......#oK.#...#.# .....#
##'#######'##....# ### .....#
#.....#J. ##.### #.# #.#.##
#.#.#.#z## #.# #.# #.#.#
#..#..#@##.##.# #.# #...#
#.#.#.'....##.#####.# #####
#.....#######.......# ....#
####### ######### ###.# #(...#
#.# #....# #.#######....#
#.#..........# #.#.#####....#


You could see a wight and an endoplasm.

Vanquished Creatures
  A necrophage (D:4)
  A water moccasin zombie (D:3)
  A centaur zombie (D:5)
  A centaur skeleton (D:4)
  A hound (D:4)
  A hound skeleton (D:4)
  A gnoll (D:4)
  2 adders
  A dart slug (D:1)
  4 orcs
  An endoplasm (D:1)
  8 goblins
  11 hobgoblins
  6 jackals
  3 quokkas
  8 ball pythons
  5 bats
  2 frilled lizards (D:1)
  5 kobolds
  5 rats
68 creatures vanquished.

Vanquished Creatures (others)
  3 demonic plants (D:1)
  A fungus (D:1)
  5 plants
  A withered plant (D:1)
10 creatures vanquished.

Grand Total: 78 creatures vanquished

Notes
Turn   | Place    | Note
-------+----------+-------------------------------------------
     0 | D:1      | leviel the Hill Orc Fighter began the quest for the Orb.
     0 | D:1      | Reached XP level 1. HP: 19/19 MP: 1/1
    64 | D:1      | Found a faded altar of an unknown god.
    96 | D:1      | Reached XP level 2. HP: 21/27 MP: 2/2
   338 | D:1      | Reached skill level 3 in Axes
   338 | D:1      | Reached XP level 3. HP: 22/33 MP: 3/3
  1027 | D:2      | You fall into a shaft and drop 2 floors!
  1100 | D:4      | Found Ypagaz's General Store.
  1146 | D:4      | Reached skill level 4 in Axes
  1146 | D:4      | Reached XP level 4. HP: 40/40 MP: 4/4
  1557 | D:3      | Reached skill level 5 in Axes
  1656 | D:3      | Found a transporter.
  1657 | D:3      | Noticed Drazool's ghost (amateur FoFi)
  1659 | D:3      | Found a transporter.
  1691 | D:3      | Reached skill level 6 in Axes
  1691 | D:3      | Reached XP level 5. HP: 39/46 MP: 5/5
  2261 | D:4      | Noticed a necrophage
  2262 | D:4      | You fall into a shaft and drop 1 floor!
  2262 | D:5      | Entered Level 5 of the Dungeon
  2262 | D:5      | Found Bikiz's Book Shoppe.
  2322 | D:5      | Reached skill level 7 in Axes
  2322 | D:5      | Reached XP level 6. HP: 50/52 MP: 6/6
  3092 | D:4      | Killed a necrophage
  3093 | D:4      | Reached skill level 8 in Axes
  3195 | D:4      | Slain by a wight

Illustrated notes

Levels and vault maps discovered:
D:1:      evilmike_arrival_crescent, layout_rooms, shapermc_ecumenical_altar_gd
D:2:      cheibrodos_old_hovel, layout_basic, chequers_hall_statues_wall_a,
          minmay_tetromino_s4
D:3:      layout_basic, gammafunk_ghost_arena
D:4:      minmay_clustersquares, layout_basic, serial_shops, shop
D:5:      layout_basic, lemuel_crystal_altar, serial_shops, shop_statue

Skill      XL: |  1  2  3  4  5  6 |
---------------+-------------------+-----
Fighting       | 4 |  4.1
Axes           | 3 4 6 7 8 |  8.1
Armour         | |  3.8
Shields        | |  3.7

Action                   |  1- 3 |  4- 6 || total
-------------------------+-------+-------++-------
Melee: War axe           |   103 |    93 ||   196
Armor: Scale mail        |    54 |    57 ||   111
Dodge: Dodged            |    30 |    28 ||    58
Block: Kite shield       |    54 |    48 ||   102

Table legend: (Time is in decaauts)
 A = Elapsed time spent in this place.
 B = Non-inter-level travel time spent in this place.
 C = Inter-level travel time spent in this place.
 D = Time resting spent in this place.
 E = Time spent auto-exploring this place.
 F = Levels seen in this place.
 G = Mean time per level.
                   A        B        C        D        E       F      G
               +--------+--------+--------+--------+--------+-----+--------+
         Total |   3293 |   3074 |    219 |      0 |   2547 |   5 |  658.6 |
       Dungeon |   3293 |   3074 |    219 |      0 |   2547 |   5 |  658.6 |
               +--------+--------+--------+--------+--------+-----+--------+

Top non-repeatable levels by time:
     D:4: 1127 daAuts
     D:3: 1008 daAuts
     D:1: 901 daAuts
     D:2: 177 daAuts
     D:5: 78 daAuts
